 Dungeon Crawl Stone Soup version 0.25-a0-42-g6c54e25894 (webtiles) character file.

Game seed: 879843131750422913, levelgen mode: deterministic

105 Gumption the Grave Robber (level 5, -3/35 HPs)
             Began as a Human Necromancer on Oct 22, 2019.
             Killed from afar by an orc wizard (9 damage)
             ... with a magic dart
             ... on level 3 of the Dungeon.
             The game lasted 00:34:34 (4144 turns).

Gumption the Grave Robber (Human Necromancer)       Turns: 4144, Time: 00:34:35

Health: -3/35      AC:  3    Str:  8    XL:     5   Next: 8%
Magic:  9/9        EV: 12    Int: 16    God:
Gold:   101        SH:  0    Dex: 14    Spells: 2/10 levels left

rFire    . . .     SeeInvis .   a - +1 falchion (elec)
rCold    . . .     Gourm    +   (no shield)
rNeg     . . .     Faith    .   d - +0 leather armour
rPois    .         Spirit   .   (no helmet)
rElec    .         Reflect  .   (no cloak)
rCorr    .         Harm     .   (no gloves)
MR       .....                  (no boots)
Stlth    ++........             j - amulet of the gourmand
HPRegen  0.11/turn              (no ring)
MPRegen  0.11/turn              (no ring)

@: no status effects
A: no striking features
a: no special abilities


You were on level 3 of the Dungeon.
You were completely stuffed.

You visited 1 branch of the dungeon, and saw 3 of its levels.

You collected 101 gold pieces.

Inventory:

Hand Weapons
 a - a +1 falchion of electrocution (weapon)
Missiles
 c - 207 stones (quivered)
Armour
 b - a +0 shield
 d - a +0 leather armour (worn)
Jewellery
 j - an amulet of the gourmand (around neck)
Scrolls
 h - 3 scrolls of amnesia {unknown}
 k - a scroll of fear {unknown}
 l - a scroll of teleportation {unknown}
 m - a scroll of noise {unknown}
 o - a scroll of enchant weapon {unknown}
Potions
 f - a potion of heal wounds
 g - a potion of mutation
 i - 2 potions of might
 n - a potion of cancellation {unknown}
Comestibles
 e - 5 rations
 p - 9 chunks of flesh


   Skills:
 - Level 2.0 Dodging
 - Level 2.0 Stealth
 + Level 3.0 Spellcasting
 * Level 5.4 Necromancy


You had 2 spell levels left.
You knew the following spells:

 Your Spells              Type           Power        Failure   Level  Hunger
a - Pain                  Necr           ###.         3%          1    #......
b - Animate Skeleton      Necr           N/A          3%          1    #......
c - Vampiric Draining     Necr           ###.......   9%          3    ###....
z - Regeneration          Chrm/Necr      ##........   26%         3    ###....

Your spell library contained the following spells:

 Spells                   Type           Power        Failure   Level  Hunger
 Animate Dead             Necr           N/A          28%         4    #####..


Dungeon Overview and Level Annotations

Branches:
Dungeon (3/15)

Altars:


Message History

The orc wizard casts a spell.
The orc wizard blinks!
The orc wizard misses you. The orc completely misses you.
The orc hits you from afar with a +0 trident.
You hit the orc wizard.
The orc wizard is almost dead.
The orc wizard hits you with a +0 dagger.
The orc hits you. The orc barely misses you.
The orc wizard casts a spell at you. The puff of flame hits you!
* * * LOW HITPOINT WARNING * * *
The orc closely misses you.
You riposte.
You hit the orc.
You kill the orc!
You hit the orc wizard.
The orc wizard is almost dead.
The orc hits you from afar with a +0 trident.
* * * LOW HITPOINT WARNING * * *
The orc wizard points at you and mumbles some strange words.
The magic dart hits you!
You die...

#.........##<.....#
#................##
.##.....#..#.....###
.##.###)##.##....#
....# #..#......Z#
#..#. .........#[####
#..# ..........Z....#
##.#...........Z###.w.#
.#...........Z@.# #..#
....[.......##o.?# .#
#..[##........


oK..... ......... .....#. ......# .....>. ...... ....... ...... ....... .......
You could see an orc wizard, an orc, a kobold, a friendly bat skeleton, a
friendly quokka skeleton and a friendly jackal skeleton.

Vanquished Creatures
  4 gnolls
  An ooze (D:1)
  A worm (D:2)
  A dart slug (D:2)
  2 leopard geckos (D:1)
  An orc (D:3)
  A ball python (D:2)
  4 giant cockroaches
  4 hobgoblins
  3 jackals (D:3)
  6 kobolds
  2 quokkas
  8 bats
  4 frilled lizards
  6 goblins
  6 rats
54 creatures vanquished.

Vanquished Creatures (collateral kills)
  A goblin (D:2)
  A rat (D:1)
2 creatures vanquished.

Vanquished Creatures (others)
  A plant (D:2)
1 creature vanquished.

Grand Total: 57 creatures vanquished

Notes
Turn   | Place    | Note
-------+----------+-------------------------------------------
     0 | D:1      | Gumption the Human Necromancer began the quest for the Orb.
     0 | D:1      | Reached XP level 1. HP: 13/13 MP: 3/3
     4 | D:1      | Learned a level 1 spell: Animate Skeleton
   505 | D:1      | Reached XP level 2. HP: 16/19 MP: 0/5
   903 | D:1      | Reached XP level 3. HP: 23/24 MP: 3/6
  2013 | D:2      | Reached XP level 4. HP: 24/30 MP: 1/8
  2019 | D:2      | Reached skill level 5 in Necromancy
  2133 | D:2      | Learned a level 3 spell: Vampiric Draining
  2137 | D:2      | Learned a level 3 spell: Regeneration
  2623 | D:2      | Found a faded altar of an unknown god.
  3639 | D:2      | Found a faded altar of an unknown god.
  3988 | D:3      | Reached XP level 5. HP: 32/35 MP: 4/9
  4144 | D:3      | Killed from afar by an orc wizard

Levels and vault maps discovered:
D:1:      kilobyte_arrival_exit_the_forest, layout_basic
D:2:      layout_rooms, chequers_ecumenical_altar_twisty, serial_bayou,
          serial_bayou_lake_a, serial_bayou_pond_e, serial_bayou_lagoon_a,
          serial_bayou_crossing, first_ration, minmay_hedge_maze
D:3:      layout_rooms

Skill      XL: |  1  2  3  4 |
---------------+-------------+-----
Necromancy     | 5 |  5.4
Spellcasting   | 3 |  3.0
Dodging        | |  2.0
Stealth        | |  2.0

Action                   |  1- 3 |  4- 6 || total
-------------------------+-------+-------++-------
Melee: Whip              |     4 |     6 ||    10
       Falchion          |       |    12 ||    12
Throw: Stone             |     9 |    11 ||    20
 Cast: Pain              |    54 |    44 ||    98
       Animate Skeleton  |    13 |     9 ||    22
  Use: Scroll            |     5 |       ||     5
  Eat: Chunk             |     9 |    15 ||    24
Armor: Leather armour    |     2 |     5 ||     7
Dodge: Dodged            |    20 |    26 ||    46
       Rpst.: Falchion   |       |     3 ||     3

Table legend:
 A = Non-vault XP
 B = Vault XP
 C = Vault XP percentage of total XP
 D = Non-vault monster count
 E = Vault monster count
 F = Vault count percentage of total count
                 A         B        C        D         E       F
            +---------+---------+-------+---------+---------+-------
      Total |     150 |       0 |   0.0 |      56 |       0 |   0.0
            +---------+---------+-------+---------+---------+-------
        D:1 |      60 |       0 |   0.0 |      26 |       0 |   0.0
        D:2 |      73 |       0 |   0.0 |      21 |       0 |   0.0
        D:3 |      17 |       0 |   0.0 |       9 |       0 |   0.0
            +---------+---------+-------+---------+---------+-------
